 Dungeon Crawl Stone Soup version 0.31.0-11-ge490571c62 (webtiles) character file.

Game seed: 657644114538954877

1479 browni3141 the Destroyer (level 8, -6/81 HPs)
             Began as a Demonspawn Conjurer on Jan 30, 2024.
             Mangled by Edmund
             ... wielding a +4 flail of venom
              (7 damage)
             ... on level 5 of the Dungeon.
             The game lasted 00:08:33 (5526 turns).

browni3141 the Destroyer (Demonspawn Conjurer)      Turns: 5526, Time: 00:08:33

Health: -6/81      AC: 24    Str:  9    XL:     8   Next: 50%
Magic:  2/12       EV:  2    Int: 20    God:
Gold:   225        SH:  0    Dex: 11    Spells: 10/13 levels left

rFire   . . .        m - +0 dagger (elec)
rCold   . . .        (no shield)
rNeg    + . .        u - melded +1 animal skin
rPois   +            (helmet currently unavailable)
rElec   .            t - melded +1 cloak of Fedielir {rC+}
rCorr   .            (gloves currently unavailable)
SInv    .            (boots currently unavailable)
Will    .....        (no amulet)
Stlth   +++          e - ring of positive energy
HPRegen 0.33/turn    (no ring)
MPRegen 0.13/turn

%: no passive effects
@: brilliant, lethally poisoned (-6 -> -9), tree-form
A: stationary, stasis, torment immunity, boosted hp, (thin metallic scales 1),
foul stench 1, powered by death 1
a: no special abilities


You were on level 5 of the Dungeon.
You were a tree.
You visited 1 branch of the dungeon, and saw 5 of its levels.

You collected 225 gold pieces.

Inventory:

Hand Weapons
 a - a +0 sling
 m - a +0 dagger of electrocution (weapon)
 s - the +1 mace of Ishraunn {venom, rElec Int+2}
   (You found it on level 4 of the Dungeon)

   Int+2:     It affects your intelligence (+2).
   rElec:     It insulates you from electricity.
Missiles
 p - 6 boomerangs
Armour
 i - a +0 robe
 t - the +1 cloak of Fedielir (melded) {rC+}
   (You found it on level 4 of the Dungeon)

   rC+:       It protects you from cold.
 u - a +1 animal skin (melded)
Jewellery
 e - a ring of positive energy (left branch)
 A - a ring of positive energy
Wands
 v - a wand of digging (6)
Scrolls
 c - 6 scrolls of identify {unknown}
 q - 2 scrolls of vulnerability {unknown}
 r - a scroll of amnesia {unknown}
 x - a scroll of torment {unknown}
Potions
 b - a potion of magic
 d - 2 potions of brilliance
 f - 2 potions of mutation {unknown}
 g - a potion of haste {unknown}
 h - 2 potions of lignification
 j - a potion of ambrosia {unknown}
 k - a potion of heal wounds {unknown}
 l - a potion of curing {unknown}
 n - 2 potions of attraction {unknown}
 o - a potion of cancellation {unknown}
 w - a potion of resistance {unknown}
 z - a potion of enlightenment {unknown}


   Skills:
 - Level 1.0 Fighting
 - Level 5.0 Short Blades
 - Level 2.0 Dodging
 - Level 5.0 Stealth
 + Level 3.2 Spellcasting
 - Level 8.0 Conjurations


You had 10 spell levels left.
You knew the following spells:

 Your Spells              Type           Power      Damage    Failure   Level
a - Magic Dart            Conj           100%       1d8       1%          1
b - Searing Ray           Conj           100%       2d8       1%          2

Your spell library contained the following spells:

 Spells                   Type           Power      Damage    Failure   Level
 Fulminant Prism          Conj/Alch      14%        3d9       26%         4
 Iskenderun's Mystic Bla  Conj/Tloc      28%        2d7       26%         4


Dungeon Overview and Level Annotations

Branches:
Dungeon (5/15)
 Temple: D:4-7

Altars:
Fedhas
Hepliaklqana
Sif Muna
Uskayaw
Yredelemnul

Annotations:
D:5 Edmund


Innate Abilities, Weirdness & Mutations

You are a tree.
Your roots penetrate the ground, keeping you stationary.
You cannot be teleported.
You are immune to unholy pain and torment.
Your maximum health is greatly increased.
Your equipment is partially melded.
((You are partially covered in thin metallic scales. (AC +2)))
You may rarely emit foul miasma when damaged in melee.
You regenerate a little health from kills.


Message History

No target in view!
f - 2 blue potions (gained 1)
Things that are here:
a +0 spear; a gnoll skeleton A white imp comes into view.
A white imp is nearby!
A white imp is nearby!
A white imp is nearby!
The white imp gestures at you.
The puff of frost hits you but does no damage.
You resist. The white imp gestures at you. The puff of frost hits you.
You resist.
You hit the white imp.
Lightning courses through the white imp!
You kill the white imp!
No target in view!
No target in view!
You now have 225 gold pieces (gained 16).
A ribbon worm comes into view.
A ribbon worm is nearby!
A ribbon worm is nearby!
You see here a glowing purple potion.
The helpless ribbon worm fails to defend itself.
You impale the ribbon worm!!
You kill the ribbon worm!
No target in view!
You see here a ribbon worm corpse.
Edmund the Younger comes into view.
He is wielding a +4 flail of venom.
You see here a ring of positive energy.
Edmund is nearby!
Edmund is nearby!
A - a ring of positive energy The magic dart hits Edmund.
Edmund is lightly wounded.
Casting: Magic Dart (safe; 1% risk of failure)
Confirm with . or Enter, or press ? or * to list all spells.
Aiming: Searing Ray (safe; 1% risk of failure)
Press: ? - help, Shift-Dir - straight line, f/p - Edmund
Aim: Edmund, wielding a +4 flail of venom and wearing a +0 ring mail (lightly wounded, 83% to hit)
The searing ray hits Edmund.
Edmund is lightly wounded. (Press . to maintain the ray.)
The searing ray hits Edmund.
Edmund is moderately wounded.
The searing ray misses Edmund.
Edmund hits you with a +4 flail of venom.
You are poisoned.
The searing ray hits Edmund!
Edmund is heavily wounded.
You finish channelling your searing ray.
You feel very sick.
Edmund hits you with a +4 flail of venom!
You are more poisoned.
Casting: Searing Ray (safe; 1% risk of failure)
Confirm with . or Enter, or press ? or * to list all spells.
Aiming: Searing Ray (safe; 1% risk of failure)
Press: ? - help, Shift-Dir - straight line, f/p - Edmund
Aim: Edmund, wielding a +4 flail of venom and wearing a +0 ring mail (heavily wounded, 83% to hit)
The searing ray hits Edmund!
Edmund is severely wounded. (Press . to maintain the ray.)
You feel very sick. Edmund barely misses you.
The searing ray hits Edmund.
Edmund is severely wounded.
You feel very sick.
Edmund hits you with a +4 flail of venom!
You are lethally poisoned!
The searing ray hits Edmund.
Edmund is severely wounded.
You feel very sick. Edmund barely misses you.
The searing ray hits Edmund.
Edmund is almost dead.
You finish channelling your searing ray.
You feel very sick. Edmund misses you.
It was a potion of brilliance.
You feel clever all of a sudden.
You feel very sick. Edmund barely misses you.
It was a potion of lignification.
You turn into a tree.
The +1 cloak of Fedielir {rC+} melds into your body.
Your +1 animal skin melds into your body.
Your roots penetrate the ground.
You feel sick. Edmund hits you but does no damage.
You hit Edmund but do no damage.
Edmund is almost dead.
You feel sick.
You barely miss Edmund.
Edmund is almost dead.
You feel sick.
Edmund hits you with a +4 flail of venom.
You closely miss Edmund.
Edmund is almost dead.
You feel sick.
Edmund hits you with a +4 flail of venom!
You die...
Edmund says, "That'll show my brother!"

. .$# . ..#. .#...
### #..###.
#####.###......
####...†.#.....#
##...........@#
##..#......#.#♣#
#..##......#...# #
#..!......##$.#
####..)........[..#
........$.........#
....#######.......#
...## ##.......
..#### ..#......
.....# ..###......


You could see Edmund.

Vanquished Creatures
  Pikel (D:5)
  Grinder (D:5)
  An ice beast (D:5)
  A black bear (D:4)
  2 lemures (D:4)
  A gnoll bouda (D:5)
  4 bombardier beetles
  3 quasits (D:4)
  3 orc priests
  2 iguanas (D:4)
  An orc wizard (D:4)
  Robin (D:3)
  2 adders
  3 gnolls (D:5)
  3 shadow imps (D:4)
  A white imp (D:5)
  4 ufetubi (D:4)
  3 dart slugs (D:2)
  4 ribbon worms
  10 orcs
  4 endoplasms
  4 giant cockroaches
  11 goblins
  12 hobgoblins
  3 quokkas
  6 ball pythons
  A bat (D:1)
  6 frilled lizards
  9 kobolds
  5 rats
112 creatures vanquished.

Notes
Turn   | Place    | Note
-------+----------+-------------------------------------------
     0 | D:1      | browni3141 the Demonspawn Conjurer began the quest for the
                  | Orb.
     0 | D:1      | Reached XP level 1. HP: 13/13 MP: 3/3
   359 | D:1      | Gained mutation: You regenerate a little health from kills.
                  | [demonic ancestry]
   359 | D:1      | Reached XP level 2. HP: 19/19 MP: 3/5
   748 | D:1      | Learned a level 2 spell: Searing Ray
  1116 | D:2      | Reached skill level 1 in Fighting
  1202 | D:2      | Found a faded altar of an unknown god.
  1336 | D:2      | Found a hazy altar of Hepliaklqana.
  1365 | D:2      | Reached XP level 3. HP: 26/26 MP: 0/7
  2263 | D:3      | Gained mutation: You are partially covered in thin metallic
                  | scales. (AC +2) [demonic ancestry]
  2263 | D:3      | Reached XP level 4. HP: 32/32 MP: 3/8
  2396 | D:3      | Noticed Robin
  2399 | D:3      | Reached skill level 5 in Conjurations
  2509 | D:3      | Killed Robin
  2789 | D:3      | Found a hazy altar of Hepliaklqana.
  3109 | D:4      | Reached skill level 1 in Short Blades
  3109 | D:4      | Reached XP level 5. HP: 37/37 MP: 7/9
  3358 | D:4      | Identified the +9 long sword of Spite {protect, rC++}
  3507 | D:4      | Reached XP level 6. HP: 20/43 MP: 2/10
  3512 | D:4      | Reached skill level 6 in Conjurations
  3600 | D:4      | Identified the +1 mace of Ishraunn {venom, rElec Int+2}
  3618 | D:4      | Found a shimmering blue altar of Sif Muna.
  3621 | D:4      | Found a basalt altar of Yredelemnul.
  3621 | D:4      | Found a hide-covered altar of Uskayaw.
  3622 | D:4      | Found a blossoming altar of Fedhas.
  3660 | D:4      | Identified the +1 cloak of Fedielir {rC+}
  4145 | D:4      | Gained mutation: You may rarely emit foul miasma when
                  | damaged in melee. [demonic ancestry]
  4145 | D:4      | Reached XP level 7. HP: 48/48 MP: 5/11
  4636 | D:5      | Entered Level 5 of the Dungeon
  4719 | D:5      | Noticed Grinder
  4738 | D:5      | Killed Grinder
  4739 | D:5      | Reached skill level 5 in Short Blades
  5225 | D:5      | Reached skill level 5 in Stealth
  5263 | D:5      | Noticed Pikel
  5281 | D:5      | HP: 2/48 [Pikel/+0 whip of flaming (1)]
  5282 | D:5      | Killed Pikel
  5283 | D:5      | Reached skill level 8 in Conjurations
  5283 | D:5      | Reached XP level 8. HP: 4/54 MP: 0/12
  5511 | D:5      | Noticed Edmund
  5525 | D:5      | HP: 3/81 [Edmund/+4 flail of venom (6)]
  5526 | D:5      | HP: 1/81 [poisoned by Edmund]
  5526 | D:5      | Mangled by Edmund

Illustrated notes

Levels and vault maps discovered:
D:1:      nzn_arrival_water_spiral, layout_basic, grunt_decor_cap,
          grunt_decor_fettered
D:2:      layout_rooms, shapermc_ecumenical_altar_starsandcircs, basic_altar,
          minmay_misc_feat_ornament
D:3:      layout_loops_ring, nicolae_hepliaklqana_hazy_memory, uniq_robin
D:4:      layout_basic, grunt_temple_overflow_open, serial_demonic,
          serial_demonic_d, serial_demonic_c, serial_demonic_e,
          serial_demonic_b, hangedman_minor_gate_pass
D:5:      layout_cave_pools, uniq_edmund, uniq_grinder, uniq_pikel

Skill      XL: |  1  2  3  4  5  6  7 |
---------------+----------------------+-----
Stealth        | 2 5 |  5.0
Dodging        | 2 |  2.0
Fighting       | 1 |  1.0
Spellcasting   | 3 |  3.2
Conjurations   | 5 6 8 |  8.0
Short Blades   | 1 2 4 5 |  5.0

Action                     |  1- 3 |  4- 6 |  7- 9 || total
---------------------------+-------+-------+-------++-------
  Melee: Unarmed           |     4 |       |       ||     4
         Dagger            |       |    56 |    59 ||   115
         Punch             |       |     1 |       ||     1
   Fire: Sling             |    43 |       |       ||    43
   Cast: Magic Dart        |    60 |    71 |    26 ||   157
         Searing Ray       |     6 |     6 |     9 ||    21
    Use: Potion            |       |       |     2 ||     2
   Stab: Sleeping          |       |     1 |     1 ||     2
 Armour: Robe              |    24 |    61 |       ||    85
         Animal skin       |       |       |    40 ||    40
         Skin              |       |       |     3 ||     3
  Dodge: Dodged            |    30 |    42 |    30 ||   102
